 Dungeon Crawl Stone Soup version 0.21.1-1-g345015fe64 (webtiles) character file.

33208 HooM the Severer (level 13, -5/119 HPs)
             Began as a Hill Orc Fighter on Mar 12, 2018.
             Was the Champion of Okawaru.
             Slain by an entropy weaver (12 damage)
             ... on level 6 of the Lair of Beasts on Mar 13, 2018.
             The game lasted 02:04:40 (13965 turns).

HooM the Severer (Hill Orc Fighter)                Turns: 13965, Time: 02:04:40

Health: -5/119     AC: -6    Str: 24    XL:     13   Next: 69%
Magic:  0/13       EV:  7    Int:  8    God:    Okawaru [******]
Gold:   785        SH: 13    Dex: 10    Spells: 7/12 levels left

rFire    + + .     SeeInvis .   T - +1 war axe (flame)
rCold    + . .     Gourm    .   c - +0 shield
rNeg     . . .     Faith    .   E - +3 plate armour
rPois    +         Spirit   +   j - +0 hat {MR+}
rElec    +         Reflect  .   J - scarf {cloud immunity}
rCorr    .         Harm     .   l - +2 pair of gloves
MR       ++...     Rnd*Rage +   R - +0 pair of boots "Hopnomus" {rElec rC+} Stlth ..........Rnd*Tele +
                                u - amulet of guardian spirit
HPRegen  0.29/turn              b - +5 ring of protection
MPRegen  0.13/turn              B - ring of poison resistance

@: corroded
A: molten scales 1, berserk 1, fire resistance 2, magic resistance 1,
teleportitis 1
a: Heroism, Finesse, Renounce Religion


You were on level 6 of the Lair of Beasts.
You worshipped Okawaru.
Okawaru was exalted by your worship.
You were very hungry.

You visited 2 branches of the dungeon, and saw 14 of its levels.

You collected 863 gold pieces.
You spent 78 gold pieces at shops.

Inventory:

Hand Weapons
 T - a +1 war axe of flaming (weapon)
Missiles
 a - 6 tomahawks of returning
 e - 364 stones (quivered)
 H - 9 tomahawks
 L - 4 poisoned tomahawks
Armour
 c - a +0 shield (worn)
 j - a +0 hat of magic resistance (worn)
 l - a +2 pair of gloves (worn)
 E - a +3 plate armour (worn)
 J - a scarf of cloud immunity (worn)
 R - the +0 pair of boots "Hopnomus" (worn) {rElec rC+}
   (Okawaru gifted it to you on level 5 of the Lair of Beasts)

   It protects you from cold.
   It insulates you from electricity.
Jewellery
 b - a +5 ring of protection (left hand)
 t - an uncursed ring of protection from cold
 u - an amulet of guardian spirit (around neck)
 w - an uncursed ring of flight
 B - a ring of poison resistance (right hand)
Wands
 h - a wand of digging (13)
 i - a wand of flame (82)
 n - a wand of random effects (79)
 y - a wand of disintegration (8)
 N - a wand of paralysis (21)
Scrolls
 k - 3 scrolls of enchant weapon
 o - a scroll of immolation
 p - a scroll of noise
 q - 4 scrolls of fog
 r - 3 scrolls of teleportation
 D - 4 scrolls of remove curse
 F - 3 scrolls of magic mapping
 I - a scroll of amnesia
 M - a scroll of summoning
 O - 2 scrolls of brand weapon {unknown}
 Q - a scroll of fear {unknown}
 V - 2 scrolls of enchant armour
Potions
 d - a potion of might
 g - 7 potions of curing
 m - 4 potions of flight
 s - 2 potions of haste
 x - a potion of lignification {unknown}
 z - a potion of magic {unknown}
 A - a potion of ambrosia {unknown}
 C - a potion of cancellation {unknown}
 K - 2 potions of resistance
 P - 3 potions of berserk rage {unknown}
 S - a potion of agility
Books
 v - a book of Debilitation

   Spells                             Type                      Level
   a - Corona                         Hexes                        1
   b - Slow                           Hexes                        2
   c - Inner Flame                    Hexes/Fire                   3
   d - Portal Projectile              Hexes/Translocation          3
   e - Cause Fear                     Hexes                        4
   f - Leda's Liquefaction            Hexes/Earth                  4
 G - a book of Flames

   Spells                             Type                      Level
   a - Flame Tongue                   Conjuration/Fire             1
   b - Throw Flame                    Conjuration/Fire             2
   c - Conjure Flame                  Conjuration/Fire             3
   d - Inner Flame                    Hexes/Fire                   3
   e - Sticky Flame                   Conjuration/Fire             4
   f - Fireball                       Conjuration/Fire             5
Comestibles
 f - 30 rations


   Skills:
 + Level 12.4 Fighting
 + Level 15.9 Axes
 + Level 6.6 Throwing
 + Level 10.9 Armour
 - Level 2.1 Dodging
 - Level 0.7 Stealth
 + Level 12.0 Shields
 - Level 0.1 Spellcasting
 - Level 1.1 Hexes
 - Level 0.1 Earth Magic
 - Level 0.5 Invocations


You had 7 spell levels left.
You knew the following spells:

 Your Spells              Type           Power        Failure   Level  Hunger
a - Leda's Liquefaction   Hex/Erth       #.........   100%        4    #####..
b - Corona                Hex            #......      99%         1    ##.....


Dungeon Overview and Level Annotations

Branches:
Dungeon (8/15)             Temple (0/1) D:7            Lair (6/6) D:8
 Shoals (0/4) Lair:2       Spider (0/4) Lair:2
  Slime: Lair:5-6

Altars:
Ashenzari
Cheibriados
Elyvilon
Fedhas
Gozag
Hepliaklqana
Kikubaaqudgha
Okawaru
Sif Muna
Trog
Wu Jian

Shops:
D:8 ?

Annotations:
Lair:3 exclusion: 2 oklob plants


Innate Abilities, Weirdness & Mutations

You are partially covered in molten scales. (AC +2)
You tend to lose your temper in combat.
Your flesh is very heat resistant. (rF++)
You are resistant to hostile enchantments. (MR+)
You are occasionally teleported next to monsters.


Message History

* * * LOW HITPOINT WARNING * * *
The entropy weaver hits you!
* * * LOW HITPOINT WARNING * * *
Okay, then.
Okay, then.
You are feeling very hungry.
You feel like a meek peon again.
The entropy weaver gestures wildly while chanting.
The entropic weave corrodes you!
An entropy weaver comes into view.
The entropy weaver twitches its antennae in your direction.
You block the entropy weaver's attack. The entropy weaver hits you!
* * * LOW HITPOINT WARNING * * *
You block the entropy weaver's attack. x2
A worker ant comes into view.
The worker ant twitches its antennae in your direction.
The entropy weaver hits you!
* * * LOW HITPOINT WARNING * * *
The entropy weaver hits you!
You die...

....
#.#..(a##....##
..(
##.#...##....#
.a
#.#.#.P##a...##
.
#.##.#.###.....#
#.#
#...PP.#a.### .#
##.......a..#
#........a.##
.....a...aa.#
.........@.##
..P#...#....#
.#######...#
##P##....#
#....+...#
#.....P...#
......#.<##
.#####...# ##..#


You could see 2 entropy weavers and 5 worker ants.

Vanquished Creatures
  Gastronok (Lair:2)
  Nessos (Lair:5)
  A two-headed ogre (D:8)
  3 death yaks
  Nergalle (Lair:3)
  A manticore (Lair:2)
  7 black mambas
  10 elephants
  10 spiny frogs
  2 torpor snails
  2 rime drakes
  8 komodo dragons
  2 hornets
  9 blink frogs (Lair:2)
  Grinder (D:5)
  7 hippogriffs
  2 wyverns
  24 yaks
  6 basilisks
  Eustachio (D:4)
  8 soldier ants (Lair:6)
  8 water moccasins
  8 porcupines
  Duvessa (D:4)
  4 orc warriors
  2 ice beasts
  A black bear (Lair:1)
  3 sky beasts
  10 wolves (Lair:5)
  5 ogres
  10 crocodiles
  Blork the orc (D:5)
  9 bullfrogs
  Dowan (D:4)
  The ghost of localevil the Insei, a weakling GnTm (D:3)
  2 jellies
  The ghost of hudzuc the Chiller, a weakling DrIE (D:4)
  2 howler monkeys
  An electric eel (Lair:3)
  2 crimson imps
  6 orc priests
  4 hounds
  Ijyb (D:4)
  An iguana (D:4)
  8 worker ants
  Terence (D:3)
  9 orc wizards
  A worker ant zombie (D:6)
  18 adders
  3 gnolls (D:3)
  A howler monkey skeleton (D:5)
  3 shadow imps
  5 worms
  3 dart slugs
  5 leopard geckos
  17 orcs
  8 giant cockroaches
  8 goblins
  9 hobgoblins
  3 jackals (D:5)
  2 quokkas
  2 ball pythons
  A ball python skeleton (D:5)
  7 bats
  5 frilled lizards
  5 kobolds
  A leopard gecko skeleton (D:5)
  4 rats
  4 fungi
324 creatures vanquished.

Vanquished Creatures (others)
  2 bushes (Lair:2)
  15 fungi
  14 plants
31 creatures vanquished.

Grand Total: 355 creatures vanquished

Notes
Turn   | Place    | Note
-------+----------+-------------------------------------------
     0 | D:1      | HooM the Hill Orc Fighter began the quest for the Orb.
     0 | D:1      | Reached XP level 1. HP: 19/19 MP: 1/1
    90 | D:1      | Found a shattered altar of Ashenzari.
   345 | D:1      | Reached XP level 2. HP: 27/27 MP: 2/2
   646 | D:1      | Reached skill level 3 in Axes
   816 | D:2      | Reached XP level 3. HP: 33/33 MP: 3/3
  1173 | D:2      | Reached skill level 1 in Throwing
  1173 | D:2      | Reached XP level 4. HP: 40/40 MP: 4/4
  1198 | D:2      | Reached skill level 4 in Axes
  1474 | D:3      | Reached XP level 5. HP: 39/46 MP: 5/5
  1512 | D:3      | Noticed localevil's ghost (weakling GnTm)
  1673 | D:4      | Gained mutation: Your magical capacity is low. (-10% MP) [potion of mutation]
  1673 | D:4      | Gained mutation: Your system is resistant to poisons. (rPois) [potion of mutation]
  1673 | D:4      | Gained mutation: You are partially covered in molten scales. (AC +2) [potion of mutation]
  1768 | D:3      | Killed localevil's ghost
  1973 | D:3      | Reached skill level 5 in Axes
  2032 | D:3      | Noticed Terence
  2044 | D:3      | Killed Terence
  2044 | D:3      | Reached XP level 6. HP: 51/53 MP: 5/5
  2132 | D:3      | Found an opulent altar of Gozag.
  2341 | D:4      | Noticed Eustachio
  2421 | D:4      | Killed Eustachio
  2421 | D:4      | Reached skill level 1 in Dodging
  2490 | D:4      | Noticed hudzuc's ghost (weakling DrIE)
  2500 | D:4      | Killed hudzuc's ghost
  2504 | D:4      | Reached skill level 6 in Axes
  2504 | D:4      | Reached XP level 7. HP: 54/60 MP: 6/6
  2693 | D:4      | Noticed Ijyb
  2703 | D:4      | Killed Ijyb
  2718 | D:4      | Noticed Duvessa
  2718 | D:4      | Noticed Dowan
  2766 | D:4      | Killed Duvessa
  2766 | D:4      | Reached skill level 5 in Shields
  2783 | D:4      | Killed Dowan
  2892 | D:4      | Reached skill level 7 in Axes
  3018 | D:4      | Reached skill level 5 in Fighting
  3170 | D:5      | Entered Level 5 of the Dungeon
  3170 | D:5      | Noticed Grinder
  3180 | D:5      | Paralysed by Grinder for 2 turns
  3186 | D:5      | Killed Grinder
  3186 | D:5      | Reached XP level 8. HP: 53/68 MP: 5/7
  3207 | D:5      | Learned a level 4 spell: Leda's Liquefaction
  3220 | D:5      | Noticed Blork the orc
  3242 | D:5      | Killed Blork the orc
  3260 | D:5      | Gained mutation: You are frail. (-10% HP) [mutagenic glow]
  3285 | D:5      | Gained mutation: You are occasionally teleported next to monsters. [mutagenic glow]
  3319 | D:5      | Reached skill level 8 in Axes
  3336 | D:5      | Reached skill level 5 in Armour
  4401 | D:5      | Lost mutation: Your magical capacity is low. (-10% MP) [potion of mutation]
  4401 | D:5      | Lost mutation: You are partially covered in molten scales. (AC +2) [potion of mutation]
  4401 | D:5      | Lost mutation: You are frail. (-10% HP) [potion of mutation]
  4401 | D:5      | Lost mutation: Your system is resistant to poisons. (rPois) [potion of mutation]
  4401 | D:5      | Gained mutation: You are robust. (+10% HP) [potion of mutation]
  4401 | D:5      | Gained mutation: You tend to lose your temper in combat. [potion of mutation]
  4401 | D:5      | Gained mutation: You are dopey. (Int -2) [potion of mutation]
  4401 | D:5      | Gained mutation: You are partially covered in molten scales. (AC +2) [potion of mutation]
  4404 | D:5      | Lost mutation: You are dopey. (Int -2) [potion of mutation]
  4404 | D:5      | Lost mutation: You are robust. (+10% HP) [potion of mutation]
  4404 | D:5      | Gained mutation: Your flesh is heat resistant. (rF+) [potion of mutation]
  4404 | D:5      | Gained mutation: Your flesh is very heat resistant. (rF++) [potion of mutation]
  4404 | D:5      | Gained mutation: You are resistant to hostile enchantments. (MR+) [potion of mutation]
  4442 | D:5      | Learned a level 1 spell: Corona
  4928 | D:6      | Reached skill level 9 in Axes
  4928 | D:6      | Reached XP level 9. HP: 62/75 MP: 7/9
  5226 | D:7      | Found a deep blue altar of Sif Muna.
  5227 | D:7      | Found a hazy altar of Hepliaklqana.
  5227 | D:7      | Found an ornate altar of the Wu Jian Council.
  5229 | D:7      | Found an ancient bone altar of Kikubaaqudgha.
  5229 | D:7      | Found a bloodstained altar of Trog.
  5231 | D:7      | Found an iron altar of Okawaru.
  5231 | D:7      | Found a snail-covered altar of Cheibriados.
  5232 | D:7      | Found a shattered altar of Ashenzari.
  5256 | D:7      | Became a worshipper of Warmaster Okawaru
  5283 | D:7      | Found a white marble altar of Elyvilon.
  5341 | D:7      | Reached skill level 1 in Hexes
  5380 | D:7      | Found a blossoming altar of Fedhas.
  5513 | D:7      | Found a staircase to the Ecumenical Temple.
  5680 | D:7      | Reached * piety under Okawaru
  5890 | D:7      | Reached skill level 10 in Axes
  6067 | D:8      | Found Usollef's Magic Scroll Shoppe.
  6093 | D:8      | Found a staircase to the Lair.
  6484 | D:8      | Bought a scroll of identify for 26 gold pieces
  6484 | D:8      | Bought a scroll of identify for 26 gold pieces
  6484 | D:8      | Bought a scroll of identify for 26 gold pieces
  6534 | D:8      | Reached ** piety under Okawaru
  6654 | D:8      | Noticed a two-headed ogre
  6664 | D:8      | Killed a two-headed ogre
  6664 | D:8      | Reached *** piety under Okawaru
  6664 | D:8      | Reached skill level 11 in Axes
  6664 | D:8      | Reached XP level 10. HP: 81/84 MP: 8/10
  6911 | Lair:1   | Entered Level 1 of the Lair of Beasts
  6931 | Lair:1   | Noticed a spiny frog
  6948 | Lair:1   | Killed a spiny frog
  7051 | Lair:1   | Noticed a black mamba
  7070 | Lair:1   | Killed a black mamba
  7205 | Lair:1   | Noticed a black mamba
  7233 | Lair:1   | Paralysed by a hornet for 3 turns
  7245 | Lair:1   | Reached skill level 12 in Axes
  7247 | Lair:1   | Killed a black mamba
  7247 | Lair:1   | Received a gift from Okawaru
  7408 | Lair:1   | Reached **** piety under Okawaru
  7474 | Lair:1   | Noticed a spiny frog
  7479 | Lair:1   | Killed a spiny frog
  7497 | Lair:1   | Reached skill level 5 in Throwing
  7502 | Lair:1   | Reached XP level 11. HP: 54/93 MP: 8/11
  8345 | Lair:2   | Reached ***** piety under Okawaru
  8345 | Lair:2   | Reached skill level 13 in Axes
  8419 | Lair:2   | Noticed Gastronok
  8451 | Lair:2   | Killed Gastronok
  8543 | Lair:2   | Received a gift from Okawaru
  8577 | Lair:2   | Found a hole to the Spider Nest.
  8663 | Lair:2   | Reached skill level 10 in Shields
  8695 | Lair:2   | Noticed a death yak
  8709 | Lair:2   | Killed a death yak
  8709 | Lair:2   | Reached skill level 14 in Axes
  8713 | Lair:2   | Received a gift from Okawaru
  8722 | Lair:2   | Reached XP level 12. HP: 44/104 MP: 3/12
  8731 | Lair:2   | Received a gift from Okawaru
  8746 | Lair:2   | Reached skill level 10 in Fighting
  9248 | Lair:2   | Noticed an eight-headed hydra
 10257 | Lair:2   | Found a staircase to the Shoals.
 10369 | Lair:3   | Noticed Nergalle
 10383 | Lair:3   | Killed Nergalle
 10641 | Lair:3   | Reached ****** piety under Okawaru
 10837 | Lair:3   | Reached skill level 15 in Axes
 11491 | Lair:3   | Received a gift from Okawaru
 11656 | Lair:4   | Noticed a death yak
 11658 | Lair:4   | Noticed a death yak
 11680 | Lair:5   | Reached XP level 13. HP: 80/116 MP: 9/13
 11685 | Lair:5   | Reached skill level 10 in Armour
 11690 | Lair:5   | Received a gift from Okawaru
 11702 | Lair:5   | Got a pair of translucent boots {god gift}
 11709 | Lair:5   | Identified the +0 pair of boots "Hopnomus" {rElec rC+} (Okawaru gifted it to you on level 5 of the Lair of Beasts)
 11793 | Lair:5   | Noticed Nessos
 11840 | Lair:5   | Killed Nessos
 12812 | Lair:5   | You fall through a shaft!
 12812 | Lair:6   | Entered Level 6 of the Lair of Beasts
 13890 | Lair:6   | Received a gift from Okawaru
 13903 | Lair:6   | Noticed an entropy weaver
 13961 | Lair:6   | Noticed an entropy weaver
 13965 | Lair:6   | Slain by an entropy weaver

Skill      XL: |  1  2  3  4  5  6  7  8  9 10 11 12 13 |
---------------+----------------------------------------+-----
Axes           | 3 4 5 6 7 9 11 12 14 15 | 15.9
Fighting       | 4 5 6 7 9 11 12 | 12.4
Throwing       | 1 2 3 4 5 6 |  6.6
Armour         | 4 5 6 7 8 9 10 | 10.9
Shields        | 4 5 6 7 8 10 11 12 | 12.0
Dodging        | 1 2 |  2.1
Hexes          | 1 |  1.1
Stealth        | |  0.7
Spellcasting   | |  0.1
Earth Magic    | |  0.1
Invocations    | |  0.5

Action                   |  1- 3 |  4- 6 |  7- 9 | 10-12 | 13-15 || total
-------------------------+-------+-------+-------+-------+-------++-------
Melee: War axe           |    89 |   177 |   397 |   735 |   318 ||  1716
Throw: Stone             |    95 |    66 |   212 |   220 |    64 ||   657
Invok: Heroism           |       |       |       |     6 |     1 ||     7
  Use: Scroll            |     3 |     2 |    17 |     1 |     4 ||    27
       Potion            |       |     1 |     2 |     3 |       ||     6
  Eat: Chunk             |     1 |     5 |    14 |    16 |     8 ||    44
Armor: Scale mail        |    30 |    30 |       |       |       ||    60
       Chain mail        |       |    71 |   118 |       |       ||   189
       Plate armour      |       |       |    71 |   389 |   101 ||   561
Dodge: Dodged            |    22 |    54 |    60 |   149 |    59 ||   344
Block: Shield            |    34 |   110 |   164 |   410 |   181 ||   899
